NWL (28 & UNDER)
RIVERSIDE RED BULLS @ SAN DIEGO SMASHERS
09/18/2023
 
TOP OF THE 1ST
Riverside Red Bulls batting - Pitching for San Diego Smashers : RHP Riley Johnston
Pitching: RHP Riley Johnston
Batting: RHB Joe Scott 0-0: Swinging Strike
0-1: Ball
1-1: Fly out, F7 (Line Drive, 78M)
Batting: SHB Lee Townsend 0-0: Called Strike
0-1: Ball
1-1: Called Strike
1-2: Foul Ball, location: 2F
1-2: Strikes out swinging
Batting: RHB Soshu Nakamura 0-0: Ball
1-0: Called Strike
1-1: Ground out 6-3 (Groundball, 6M)
Top of the 1st over - 0 run(s), 0 hit(s), 0 error(s), 0 left on base; Riverside 0 - San Diego 0
BOTTOM OF THE 1ST
San Diego Smashers batting - Pitching for Riverside Red Bulls : RHP Derrick Baird
Pitching: RHP Derrick Baird
Batting: LHB Mario Olivares 0-0: Ball
1-0: Ball
2-0: Ball
3-0: Called Strike
3-1: Fly out, F5 (Popup, 5F)
Batting: RHB Cisco Gatán 0-0: Called Strike
0-1: Ball
1-1: Swinging Strike
1-2: Ball
2-2: Strikes out looking
Batting: RHB Alonso Sánchez 0-0: SINGLE (Groundball, 56D)
Batting: LHB Pedro Cruz 0-0: Ball
1-0: Foul Ball, location: 2F
1-1: Ball
2-1: Fly out, F9 (Flyball, 9M)
Bottom of the 1st over - 0 run(s), 1 hit(s), 0 error(s), 1 left on base; Riverside 0 - San Diego 0
TOP OF THE 2ND
Riverside Red Bulls batting - Pitching for San Diego Smashers : RHP Riley Johnston
Batting: RHB José Zúñiga 0-0: Ball
1-0: Ball
2-0: Called Strike
2-1: Ball
3-1: Foul Ball, location: 2F
3-2: Fly out, F9 (Flyball, 89S)
Batting: RHB Júlio García 0-0: Ball
1-0: Called Strike
1-1: Fly out, F9 (Flyball, 89S)
Batting: RHB Kyle Bacon 0-0: Ball
1-0: Foul Ball, location: 2F
1-1: Swinging Strike
1-2: Ball
2-2: SINGLE (Groundball, 34D)
Batting: RHB Jesús Naút 0-0: SINGLE (Groundball, 34D)
Kyle Bacon to second
Runner from 2nd tries for 3rd, SAFE, throw made to third
Batting: RHB Chris Osborn 0-0: Called Strike
0-1: Ball
1-1: Ball
2-1: Foul Ball, location: 2F
2-2: Strikes out looking
Top of the 2nd over - 0 run(s), 2 hit(s), 0 error(s), 2 left on base; Riverside 0 - San Diego 0
BOTTOM OF THE 2ND
San Diego Smashers batting - Pitching for Riverside Red Bulls : RHP Derrick Baird
Batting: RHB Justin Burgess 0-0: Ball
1-0: Ball
2-0: Fly out, F8 (Popup, 4D)
Batting: LHB Noriaki Sangi 0-0: Ball
1-0: Foul Ball, location: 2F
1-1: Ball
2-1: Foul Ball, location: 2F
2-2: SINGLE (Line Drive, 89S)
Batting: RHB Francisco Castillo 0-0: Foul Ball, location: 2F
0-1: Ball
1-1: Foul Ball, location: 2F
1-2: Strikes out swinging
Batting: RHB Manuel Muñóz 0-0: Ball
1-0: Ball
2-0: Called Strike
2-1: Called Strike
2-2: SINGLE (Line Drive, 8LS)
Noriaki Sangi to second
Batting: LHB Alfredo Fernández 0-0: Called Strike
0-1: Ball
1-1: Called Strike
1-2: Strikes out looking
Bottom of the 2nd over - 0 run(s), 2 hit(s), 0 error(s), 2 left on base; Riverside 0 - San Diego 0
TOP OF THE 3RD
Riverside Red Bulls batting - Pitching for San Diego Smashers : RHP Riley Johnston
Batting: SHB Chun-yeong Kim 0-0: Ball
1-0: Swinging Strike
1-1: Foul Ball, location: 2F
1-2: Ball
2-2: Strikes out swinging
Batting: RHB Joe Scott 0-0: Ball
1-0: Foul Ball, location: 2F
1-1: Ball
2-1: Ground out 5-3 (Groundball, 5S)
Batting: SHB Lee Townsend 0-0: Called Strike
0-1: Swinging Strike
0-2: Ball
1-2: Foul Ball, location: 2F
1-2: Fly out, F7 (Flyball, 7LMF)
Top of the 3rd over - 0 run(s), 0 hit(s), 0 error(s), 0 left on base; Riverside 0 - San Diego 0
BOTTOM OF THE 3RD
San Diego Smashers batting - Pitching for Riverside Red Bulls : RHP Derrick Baird
Batting: LHB Mario Olivares 0-0: Ball
1-0: Called Strike
1-1: Ball
2-1: Ball
3-1: SOLO HOME RUN (Flyball, 9LD), Distance : 369 ft
Batting: RHB Cisco Gatán 0-0: Ball
1-0: Ball
2-0: Called Strike
2-1: Called Strike
2-2: Ball
3-2: Fly out, F8 (Flyball, 8LXD)
Batting: RHB Alonso Sánchez 0-0: Ball
1-0: Ground out 5-3 (Groundball, 56)
Batting: LHB Pedro Cruz 0-0: Ball
1-0: Called Strike
1-1: Called Strike
1-2: Fly out, F6 (Popup, 6MS)
Bottom of the 3rd over - 1 run(s), 1 hit(s), 0 error(s), 0 left on base; Riverside 0 - San Diego 1
TOP OF THE 4TH
Riverside Red Bulls batting - Pitching for San Diego Smashers : RHP Riley Johnston
Batting: RHB Soshu Nakamura 0-0: Called Strike
0-1: Ball
1-1: Swinging Strike
1-2: Ball
2-2: Fly out, F8 (Flyball, 8LXD)
Batting: RHB José Zúñiga 0-0: Ball
1-0: Called Strike
1-1: Foul Ball, location: 2F
1-2: Ball
2-2: Ground out 4-3 (Groundball, 4M)
Batting: RHB Júlio García 0-0: Foul Ball, location: 2F
0-1: Foul Ball, location: 2F
0-2: Ball
1-2: Ball
2-2: Ball
3-2: Foul Ball, location: 2F
3-2: Strikes out looking
Top of the 4th over - 0 run(s), 0 hit(s), 0 error(s), 0 left on base; Riverside 0 - San Diego 1
BOTTOM OF THE 4TH
San Diego Smashers batting - Pitching for Riverside Red Bulls : RHP Derrick Baird
Batting: RHB Justin Burgess 0-0: Swinging Strike
0-1: Ball
1-1: Foul Ball, location: 2F
1-2: Ball
2-2: Ball
3-2: SINGLE (Line Drive, 4D)
Batting: LHB Noriaki Sangi 0-0: Ball
1-0: Ball
2-0: Ball
Justin Burgess steals 2nd base
3-0: Base on Balls
Batting: RHB Francisco Castillo 0-0: Ball
1-0: Called Strike
1-1: Ball
2-1: Ball
3-1: Swinging Strike
3-2: Fly out, F9 (Flyball, 8RM)
Batting: RHB Manuel Muñóz 0-0: Called Strike
0-1: Ball
1-1: Ball
2-1: Fly out, F4 (Popup, 3D)
Pitching: RHP Emílio Núñez
Batting: LHB Alfredo Fernández 0-0: Called Strike
0-1: Ball
1-1: Ball
2-1: SINGLE (Line Drive, 4MD)
Justin Burgess to third
Noriaki Sangi to second
Runner from 3rd tries for Home, throw and OUT!
Bottom of the 4th over - 0 run(s), 2 hit(s), 0 error(s), 2 left on base; Riverside 0 - San Diego 1
TOP OF THE 5TH
Riverside Red Bulls batting - Pitching for San Diego Smashers : RHP Riley Johnston
Batting: RHB Kyle Bacon 0-0: Ball
1-0: SINGLE (Line Drive, 4D)
Batting: RHB Jesús Naút 0-0: Ball
1-0: Foul Ball, location: 2F
1-1: DOUBLE (Line Drive, 7LM)
Kyle Bacon to third
Batting: RHB Chris Osborn 0-0: Called Strike
0-1: Ball
1-1: Called Strike
1-2: Ball
2-2: Ball
3-2: Base on Balls
Batting: SHB Chun-yeong Kim 0-0: Ball
1-0: Foul Ball, location: 2F
1-1: Foul Ball, location: 2F
1-2: Ball
2-2: Strikes out looking
Batting: RHB Joe Scott 0-0: Ball
1-0: Called Strike
1-1: Fly out, F9 (Flyball, 89M)
Runner from 3rd tags up, SCORES, throw made
Batting: SHB Lee Townsend 0-0: Called Strike
0-1: Fly out, F7 (Flyball, 7M)
Top of the 5th over - 1 run(s), 2 hit(s), 0 error(s), 2 left on base; Riverside 1 - San Diego 1
BOTTOM OF THE 5TH
San Diego Smashers batting - Pitching for Riverside Red Bulls : RHP Emílio Núñez
Batting: LHB Mario Olivares 0-0: Ball
1-0: Swinging Strike
1-1: Ball
2-1: Foul Ball, location: 2F
2-2: Strikes out swinging
Batting: RHB Cisco Gatán 0-0: Foul Ball, location: 2F
0-1: Ball
1-1: Ball
2-1: Ground out 6-3 (Groundball, 6)
Batting: RHB Alonso Sánchez 0-0: Ball
1-0: Ball
2-0: Ground out 1-3 (Groundball, 15S)
Bottom of the 5th over - 0 run(s), 0 hit(s), 0 error(s), 0 left on base; Riverside 1 - San Diego 1
TOP OF THE 6TH
Riverside Red Bulls batting - Pitching for San Diego Smashers : RHP Riley Johnston
Batting: RHB Soshu Nakamura 0-0: Ball
1-0: Called Strike
1-1: Ball
2-1: Swinging Strike
2-2: Strikes out swinging
Batting: RHB José Zúñiga 0-0: SINGLE (Groundball, 4MD)
Pitching: RHP Bill Elliott
Batting: RHB Júlio García 0-0: Ball
1-0: Ball
2-0: Foul Ball, location: 2F
2-1: SINGLE (Groundball, 56D)
José Zúñiga to second
Batting: RHB Kyle Bacon 0-0: Ball
1-0: Ball
2-0: Ball
3-0: Base on Balls
José Zúñiga to third
Júlio García to second
Batting: RHB Jesús Naút 0-0: Ball
1-0: Swinging Strike
1-1: Swinging Strike
1-2: Grounds into double play, 1-2-3 (Groundball, 25)
Top of the 6th over - 0 run(s), 2 hit(s), 0 error(s), 2 left on base; Riverside 1 - San Diego 1
BOTTOM OF THE 6TH
San Diego Smashers batting - Pitching for Riverside Red Bulls : RHP Emílio Núñez
Batting: LHB Pedro Cruz 0-0: Ball
1-0: Called Strike
1-1: Swinging Strike
1-2: Ball
2-2: Foul Ball, location: 2F
2-2: Fly out, F9 (Flyball, 9M)
Batting: RHB Justin Burgess 0-0: Ball
1-0: Foul Ball, location: 2F
1-1: Called Strike
1-2: Ball
2-2: Foul Ball, location: 2F
2-2: Foul Ball, location: 2F
2-2: Ball
3-2: Base on Balls
Batting: LHB Noriaki Sangi 0-0: Ball
1-0: Ball
2-0: Called Strike
2-1: Ball
3-1: Foul Ball, location: 2F
3-2: Foul Ball, location: 2F
3-2: Base on Balls
Justin Burgess to second
Batting: RHB Francisco Castillo 0-0: Called Strike
0-1: Ball
1-1: Ball
2-1: Ground out 5-3 (Groundball, 5L)
Justin Burgess to third
Noriaki Sangi to second
Batting: RHB Manuel Muñóz 0-0: Ball
1-0: Ball
2-0: Ball
3-0: Base on Balls
Batting: LHB Alfredo Fernández 0-0: Ball
1-0: Ball
2-0: Ball
3-0: Called Strike
3-1: Base on Balls
Justin Burgess scores
Noriaki Sangi to third
Manuel Muñóz to second
Batting: LHB Mario Olivares 0-0: Fly out, F8 (Flyball, 8RM)
Bottom of the 6th over - 1 run(s), 0 hit(s), 0 error(s), 3 left on base; Riverside 1 - San Diego 2
TOP OF THE 7TH
Riverside Red Bulls batting - Pitching for San Diego Smashers : RHP Bill Elliott
Batting: RHB Chris Osborn 0-0: Called Strike
0-1: Ball
1-1: Ball
2-1: Called Strike
2-2: Ground out 1-3 (Groundball, 4S)
Batting: SHB Chun-yeong Kim 0-0: Ball
1-0: Ball
2-0: Called Strike
2-1: Ball
3-1: Swinging Strike
3-2: Foul Ball, location: 2F
3-2: Foul Ball, location: 2F
3-2: Strikes out looking
Batting: RHB Joe Scott 0-0: Ball
1-0: Ball
2-0: Swinging Strike
2-1: Foul Ball, location: 2F
2-2: Foul Ball, location: 2F
2-2: Ground out 5-3 (Groundball, 5)
Top of the 7th over - 0 run(s), 0 hit(s), 0 error(s), 0 left on base; Riverside 1 - San Diego 2
BOTTOM OF THE 7TH
San Diego Smashers batting - Pitching for Riverside Red Bulls : RHP Emílio Núñez
Pitching: LHP Stu Creichton
Batting: RHB Cisco Gatán 0-0: Foul Ball, location: 2F
0-1: Ball
1-1: DOUBLE (Groundball, 5L)
Batting: RHB Alonso Sánchez 0-0: Intentional Walk
Batting: LHB Pedro Cruz 0-0: Lines into TRIPLE play, 5-4-3 (Line Drive, 5L)
Bottom of the 7th over - 0 run(s), 1 hit(s), 0 error(s), 0 left on base; Riverside 1 - San Diego 2
TOP OF THE 8TH
Riverside Red Bulls batting - Pitching for San Diego Smashers : RHP Bill Elliott
Pitching: LHP Javier Duarte
Batting: SHB Lee Townsend 0-0: Called Strike
0-1: Swinging Strike
0-2: Ball
1-2: Strikes out swinging passed ball, reaches first!
Pitching: RHP Enrique Sánchez
Pinch Hitting: LHB Paco Rivera 0-0: Called Strike
0-1: Foul Ball, location: 2F
0-2: Ball
1-2: Ball
2-2: Grounds into double play, 6-4-3 (Groundball, 6M)
Batting: RHB José Zúñiga 0-0: Called Strike
0-1: Swinging Strike
0-2: Ground out 6-3 (Groundball, 6)
Top of the 8th over - 0 run(s), 0 hit(s), 0 error(s), 0 left on base; Riverside 1 - San Diego 2
BOTTOM OF THE 8TH
San Diego Smashers batting - Pitching for Riverside Red Bulls : LHP Stu Creichton
Now at 1B: Paco Rivera
Batting: RHB Justin Burgess 0-0: Ball
1-0: Ball
2-0: Ground out 5-3 (Groundball, 5)
Batting: LHB Noriaki Sangi 0-0: Swinging Strike
0-1: Ball
1-1: Called Strike
1-2: Foul Ball, location: 2F
1-2: Foul Ball, location: 2F
1-2: Ball
2-2: Ground out 4-3 (Groundball, 34)
Batting: RHB Francisco Castillo 0-0: Ball
1-0: Foul Ball, location: 2F
1-1: Bunt for hit - play at first, batter OUT! 6-3
Bottom of the 8th over - 0 run(s), 0 hit(s), 0 error(s), 2 left on base; Riverside 1 - San Diego 2
TOP OF THE 9TH
Riverside Red Bulls batting - Pitching for San Diego Smashers : RHP Enrique Sánchez
Pitching: RHP Mark Ross
Batting: RHB Júlio García 0-0: SINGLE (Groundball, 13) (infield hit)
Pinch Hitting: LHB Fernando De La Cruz 0-0: Sac Bunt - play at first, batter OUT! 1-4
Júlio García to second
Pinch Hitting: RHB Reginaldo Jaconelli 0-0: Ball
1-0: Ground out 1-3 (Groundball, 13S)
Júlio García to third
Batting: RHB Chris Osborn 0-0: Ball
1-0: Swinging Strike
1-1: Ball
2-1: Foul Ball, location: 2F
2-2: Ball
3-2: Foul Ball, location: 2F
3-2: Base on Balls
Pinch Hitting: RHB Earnest Finnegan 0-0: Ground out 6-3 (Groundball, 6)
Top of the 9th over - 0 run(s), 1 hit(s), 0 error(s), 2 left on base; Riverside 1 - San Diego 2
This league is powered by Out of the Park Baseball, the baseball management simulation game for PC, Mac and Linux
Wednesday, December 2nd, 2015 - OOTP Baseball 16.8 Build 38